 Dungeon Crawl Stone Soup version 0.22.0-75-g3901e79 (webtiles) character file.

511 inc the Magician (level 6, -8/41 HPs)
             Began as a Mummy Fire Elementalist on Sept 13, 2018.
             Was an Initiate of Gozag.
             Killed from afar by Blork the orc (16 damage)
             ... with a puff of flame
             ... on level 4 of the Dungeon.
             The game lasted 00:02:59 (1834 turns).

inc the Magician (Mummy Fire Elementalist)          Turns: 1834, Time: 00:02:59

Health: -8/41      AC:  2    Str: 11    XL:     6   Next: 99%
Magic:  9/13       EV: 12    Int: 17    God:    Gozag
Gold:   221        SH:  0    Dex: 12    Spells: 14/15 levels left

rFire    x . .     SeeInvis .   m - +0 dagger (venom)
rCold    + . .     Gourm    .   (no shield)
rNeg     + + +     Faith    .   a - +0 robe
rPois    ∞         Spirit   .   (no helmet)
rElec    .         Reflect  .   (no cloak)
rCorr    .         Harm     .   (no gloves)
MR       .....                  (no boots)
Stlth    ++........             (no amulet)
HPRegen  0.13/turn              (no ring)
MPRegen  0.13/turn              (no ring)

@: very slightly contaminated
A: no food or potions, fire vulnerability, cold resistance 1, negative energy
resistance 3, torment resistance, unbreathing
a: Potion Petition, Call Merchant, Bribe Branch, Renounce Religion


You were on level 4 of the Dungeon.
You worshipped Gozag.
Gozag was aware of your devotion.
You were not hungry.

You visited 1 branch of the dungeon, and saw 3 of its levels.

You collected 257 gold pieces.
You paid 36 gold pieces to Gozag.

Inventory:

Hand Weapons
 m - a +0 dagger of venom (weapon)
Armour
 a - a +0 robe (worn)
Scrolls
 c - a scroll of blinking {unknown}
 e - a scroll of remove curse {unknown}
 g - 2 scrolls of identify {unknown}
 j - a scroll of teleportation {unknown}
 n - a scroll of immolation {unknown}
Potions
 d - a potion of brilliance {unknown}
 f - a potion of resistance {unknown}
 h - 2 potions of heal wounds {unknown}
 i - 2 potions of might {unknown}
 k - a potion of ambrosia {unknown}
 l - a potion of curing {unknown}
Comestibles
 b - 4 rations


   Skills:
 - Level 1.5 Dodging
 - Level 1.5 Stealth
 + Level 5.2 Spellcasting
 + Level 4.1 Conjurations
 + Level 4.0 Fire Magic


You had 14 spell levels left.
You knew the following spells:

 Your Spells              Type           Power        Failure   Level  Hunger
a - Flame Tongue          Conj/Fire      ###..        2%          1    N/A

Your spell library contained the following spells:

 Spells                   Type           Power        Failure   Level  Hunger
 Throw Flame              Conj/Fire      ###...       4%          2    N/A
 Conjure Flame            Conj/Fire      ###.....     8%          3    N/A
 Inner Flame              Hex/Fire       ##......     19%         3    N/A
 Sticky Flame             Conj/Fire      ###.....     26%         4    N/A
 Fireball                 Conj/Fire      ###.......   58%         5    N/A

Dungeon Overview and Level Annotations

Branches:
Dungeon (2/15)

Altars:
Gozag

Annotations:
D:4 Blork the orc


Innate Abilities, Weirdness & Mutations

You do not eat or drink.
Your flesh is vulnerable to fire.
You are immune to poison.
Your flesh is cold resistant. (rC+)
You are immune to negative energy. (rN+++)
You are immune to unholy pain and torment.
You can survive without breathing.


Message History

Aim: Blork the orc, wielding a scimitar and wearing a robe (lightly wounded, You miscast Flame Tongue.
Nothing appears to happen.
Blork the orc hits you with a scimitar!
You hit Blork the orc.
Blork the orc looks as sick as possible!
Blork the orc is moderately wounded.
Blork the orc gestures at you while chanting.
The puff of frost hits you! You resist. Blork the orc hits you with a scimitar.
* * * LOW HITPOINT WARNING * * *
Casting: Flame Tongue (safe; 2% risk of failure)
Confirm with . or Enter, or press ? or * to list all spells.
Aiming: Flame Tongue (safe; 2% risk of failure)
Press: ? - help, Shift-Dir - straight line, f/p - Blork the orc
Aim: Blork the orc, wielding a scimitar and wearing a robe (moderately wounded, The flame tongue hits Blork the orc.
Blork the orc is heavily wounded.
Blork the orc points at you and mumbles some strange words.
The puff of flame hits you! The fire burns you terribly!
You die...
Your body crumbles into a pile of gold.

#.# #####.#
..##.# ###
#.##.#
#.##.#
#.##.#
#.##.####
#.##....#
#o#####.#
#@#####.###
#.........#
#.#########
###


You could see Blork the orc.

Vanquished Creatures
  Menkaure (D:4)
  An ogre (D:4)
  A centaur (D:4)
  A hound (D:4)
  A bullfrog skeleton (D:4)
  An orc wizard (D:4)
  3 worker ants (D:4)
  2 hound skeletons (D:4)
  A dart slug (D:1)
  2 leopard geckos (D:4)
  5 orcs (D:4)
  2 bats (D:1)
  2 giant cockroaches (D:4)
  2 goblins
  5 hobgoblins
  2 jackals (D:1)
  2 kobolds (D:1)
  2 frilled lizards
  A quokka skeleton (D:4)
  4 rats (D:1)
41 creatures vanquished.

Notes
Turn   | Place    | Note
-------+----------+-------------------------------------------
     0 | D:1      | inc the Mummy Fire Elementalist began the quest for the
                  | Orb.
     0 | D:1      | Reached XP level 1. HP: 13/13 MP: 4/4
    36 | D:1      | Reached skill level 1 in Conjurations
   245 | D:1      | Reached XP level 2. HP: 18/19 MP: 0/5
   837 | D:2      | You fall through a shaft for 2 floors!
   843 | D:4      | Reached XP level 3. HP: 24/24 MP: 0/7
   850 | D:4      | Reached skill level 3 in Spellcasting
   929 | D:4      | Noticed a centaur
   941 | D:4      | Killed a centaur
   941 | D:4      | Reached XP level 4. HP: 23/30 MP: 1/9
  1017 | D:4      | Reached XP level 5. HP: 35/35 MP: 7/10
  1045 | D:4      | Found an opulent altar of Gozag.
  1060 | D:4      | Became a worshipper of Gozag Ym Sagoz the Greedy
  1067 | D:4      | Noticed an ogre
  1076 | D:4      | Killed an ogre
  1076 | D:4      | Reached skill level 4 in Spellcasting
  1132 | D:4      | Reached XP level 6. HP: 32/41 MP: 6/12
  1469 | D:4      | Noticed Menkaure
  1479 | D:4      | Killed Menkaure
  1479 | D:4      | Reached skill level 5 in Spellcasting
  1822 | D:4      | Noticed Blork the orc
  1834 | D:4      | Killed from afar by Blork the orc

Skill      XL: |  1  2  3  4  5  6 |
---------------+-------------------+-----
Conjurations   | 1 2 3 4 |  4.1
Spellcasting   | 3 4 5 |  5.2
Fire Magic     | 3 4 |  4.0
Dodging        | |  1.5
Stealth        | |  1.5

Action                   |  1- 3 |  4- 6 || total
-------------------------+-------+-------++-------
Melee: Dagger            |     6 |    11 ||    17
       Unarmed           |     1 |       ||     1
 Cast: Flame Tongue      |    38 |    51 ||    89
Armor: Robe              |     7 |     2 ||     9
Dodge: Dodged            |    27 |    18 ||    45
